 Dungeon Crawl Stone Soup version 0.31-a0-348-g810772c3d7 (webtiles) character file.

Game seed: 4355793009767535978

35 AdnanSaban the Covered (level 3, 0/23 HPs)
             Began as a Gargoyle Fighter on July 23, 2023.
             Slain by a gnoll
             ... wielding a +0 whip
              (7 damage)
             ... on level 1 of the Dungeon.
             The game lasted 00:00:40 (597 turns).

AdnanSaban the Covered (Gargoyle Fighter)            Turns: 597, Time: 00:00:40

Health: 0/23       AC: 10    Str: 21    XL:     3   Next: 33%
Magic:  3/3        EV:  9    Int:  8    God:
Gold:   77         SH:  4    Dex:  9    Spells: 2/2 levels left

rFire   . . .        a - +0 flail
rCold   . . .        c - +0 buckler
rNeg    + . .        b - +0 scale mail
rPois   ∞            (no helmet)
rElec   +            (no cloak)
rCorr   .            (no gloves)
SInv    .            (no boots)
Will    .....        (no amulet) Stlth
                     (no ring)
HPRegen 0.23/turn    (no ring)
MPRegen 0.08/turn

%: no passive effects
@: no status effects
A: sickness immunity, AC +3, negative energy resistance 1, electricity
resistance, torment resistance 1, petrification resistance
a: no special abilities


You were on level 1 of the Dungeon.
You visited 1 branch of the dungeon, and saw 2 of its levels.

You collected 77 gold pieces.

Inventory:

Hand Weapons
 a - a +0 flail (weapon)
Armour
 b - a +0 scale mail (worn)
 c - a +0 buckler (worn)
Jewellery
 g - a ring of magical power
Scrolls
 e - 3 scrolls of identify {unknown}
 f - a scroll of noise {unknown}
Potions
 d - a potion of might


   Skills:
 + Level 3.6 Fighting
 + Level 2.3 Maces & Flails
 + Level 3.9 Armour
 + Level 0.1 Dodging
 + Level 3.5 Shields


You had 2 spell levels left.
You didn't know any spells.
Your spell library was empty.

Dungeon Overview and Level Annotations

Branches:
Dungeon (2/15)

Altars:

Shops:
D:1 ?


Innate Abilities, Weirdness & Mutations

You are immune to sickness and miasma.
Your stone body is resilient. (AC +3)
You are immune to poison.
You resist negative energy. (rN+)
You are resistant to electric shocks. (rElec)
You are resistant to unholy torment.
You are immune to petrification.


Message History

The gnoll closely misses you.
You hit the gnoll.
The gnoll is almost dead.
The gnoll hits you with a +0 halberd! You block the gnoll's attack.
You hit the gnoll.
The gnoll is almost dead.
The gnoll barely misses you.
You hit the gnoll.
You kill the gnoll!
No target in view!
No target in view!
No target in view!
No target in view!
No target in view!
No target in view!
No target in view!
You start resting.
HP restored.
You climb downwards.
The gnoll closely misses you. The hobgoblin closely misses you.
The rat bites you but does no damage.
There is a stone staircase leading up here.
The gnoll hits you with a +2 flail of protection!
The gnoll hits you with a +0 whip. The rat bites you but does no damage.
You climb upwards.
There is a stone staircase leading down here.
You barely miss the gnoll. You block the gnoll's attack.
The hobgoblin closely misses you. The rat bites you but does no damage.
The gnoll hits you with a +0 whip.
* * * LOW HITPOINT WARNING * * *
You hit the gnoll.
The gnoll is heavily wounded.
The gnoll hits you but does no damage. The hobgoblin barely misses you.
The gnoll hits you but does no damage. The rat bites you but does no damage.
The gnoll hits you but does no damage. The gnoll barely misses you.
You block the hobgoblin's attack. The rat barely misses you.
You hit the gnoll but do no damage.
The gnoll is heavily wounded.
The gnoll barely misses you. You block the hobgoblin's attack.
The rat bites you but does no damage. The gnoll hits you with a +0 whip!
You die...

....#)####⌠#.##.#.....#
....#.######.##.#.....#
...#'...####....'#...##
####.............#####
#.##.######...# #.##.#
##..# #.##.# #..########
#.#### #grg...(..#
#..#########.@g......#
#####∩##.....).......#
##..................#
#####..#................#
#.......................#
#...............#########
#....†..........#
#........########
#........#


You could see 2 gnolls, a hobgoblin and a rat.

Vanquished Creatures
  A gnoll (D:1)
  A dart slug (D:1)
  2 endoplasms (D:1)
  A giant cockroach (D:1)
  2 goblins (D:1)
  5 hobgoblins (D:1)
  4 kobolds (D:1)
  A quokka (D:1)
  2 ball pythons (D:1)
  A bat (D:1)
  2 rats (D:1)
22 creatures vanquished.

Notes
Turn   | Place    | Note
-------+----------+-------------------------------------------
     0 | D:1      | AdnanSaban the Gargoyle Fighter began the quest for the
                  | Orb.
     0 | D:1      | Reached XP level 1. HP: 14/14 MP: 1/1
    87 | D:1      | Reached XP level 2. HP: 15/19 MP: 2/2
   328 | D:1      | Reached XP level 3. HP: 8/23 MP: 3/3
   529 | D:1      | Found Eveiw's Magic Scroll Shop.
   597 | D:1      | Slain by a gnoll

Illustrated notes

Levels and vault maps discovered:
D:1:      noname_arrival_rooms_in_the_neighbourhood, layout_basic, serial_shops,
          nicolae_shop_just_a_little_nook
D:2:      layout_loops_ring, minmay_puff

Action                     || total
---------------------------++-------
  Melee: Flail             ||    53
 Armour: Scale mail        ||    36
  Dodge: Dodged            ||    43
  Block: Buckler           ||    18

Table legend: (Time is in decaauts)
 A = Elapsed time spent in this place.
 B = Non-inter-level travel time spent in this place.
 C = Inter-level travel time spent in this place.
 D = Time resting spent in this place.
 E = Time spent auto-exploring this place.
 F = Levels seen in this place.
 G = Mean time per level.
                   A        B        C        D        E       F      G
               +--------+--------+--------+--------+--------+-----+--------+
         Total |    614 |    606 |      8 |     29 |    446 |   2 |  307.0 |
       Dungeon |    614 |    606 |      8 |     29 |    446 |   2 |  307.0 |
               +--------+--------+--------+--------+--------+-----+--------+

Top non-repeatable levels by time:
     D:1: 610 daAuts
     D:2: 4 daAuts
